[Event "*** Titled Tuesday Blitz"]
[Site "Chess.com"]
[Date "2020.03.03"]
[Round "1"]
[White "earling8018"]
[Black "Harry_Rakkel"]
[Result "0-1"]
[WhiteElo "2022"]
[BlackElo "2559"]
[TimeControl "180+1"]
[EndTime "13:06:58 PST"]
[Termination "Harry_Rakkel won on time"]

1. d4 Nf6 2. c4 e6 3. Nf3 b6 4. g3 Bb7 5. Bg2 Be7 6. O-O O-O 7. Nc3 Ne4 8. Bd2 d6 9. Re1 Nd7 10. Qc2 Nxc3 11. Bxc3 f5 12. d5 e5 13. a3 Qe8 14. b4 g5 15. e3 h5 16. h3 Qg6 17.
g4 hxg4 18. hxg4 Bc8 19. gxf5 Qh5 20. Nh2 Nf6 21. Qe2 g4 22. Nf1 Rf7 23. Ng3 Qh4 24.
e4 Bd7 25. Kf1 Rh7 26. Qd3 Nh5 27. Nxh5 Qxh5 28. Qg3 Bh4 29. Qd3 Rf8 30. Ke2 Bxf5 31. Rh1 Bg6 0-1

[Event "*** Titled Tuesday Blitz"]
[Site "Chess.com"]
[Date "2020.03.03"]
[Round "1"]
[White "Willychess95"]
[Black "WiktoriaPOL"]
[Result "1-0"]
[WhiteElo "2609"]
[BlackElo "2196"]
[TimeControl "180+1"]
[EndTime "13:07:01 PST"]
[Termination "Willychess95 won on time"]

1. e4 c5 2. Nf3 g6 3. d4 cxd4 4. Nxd4 Nc6 5. c4 Bg7 6. Be3 d6 7. Nc3 Nf6 8. Be2 O-O 9. O-O Nxd4 10. Bxd4 Bd7 11. Qd2 Bc6 12. f3 a5 13. b3 Qd7 14.
Rac1 Rfb8 15. Nd5 Bxd5 16. cxd5 a4 17. b4 Rc8 18. a3 b5 19. Rxc8+ Rxc8 20. Rc1 Rxc1+ 21.
Qxc1 Ne8 22. Be3 Nc7 23. Qc6 Qxc6 24. dxc6 Bb2 25. Bb6 Na8 26. Ba5 Bd4+ 27. Kf1 Bb2 28. Bxb5 Bxa3 29. Bxa4 Kf8 30. c7 Nxc7 31. Bxc7 Bxb4 32.
Ke2 e6 33. Kd3 f5 34. Bd8 fxe4+ 35. fxe4 d5 36. exd5 exd5 37. Bc6 Bd6 38. h3 g5 39. Bxg5 Kg7 40. Bxd5 Kg6 41. Be3 h5 42. Ke2 1-0

[Event "*** Titled Tuesday Blitz"]
[Site "Chess.com"]
[Date "2020.03.03"]
[Round "1"]
[White "Pechen_Yeltsina"]
[Black "karwowskikacper"]
[Result "1-0"]
[WhiteElo "2718"]
[BlackElo "2373"]
[TimeControl "180+1"]
[EndTime "13:07:03 PST"]
[Termination "Pechen_Yeltsina won on time"]

1. e4 c5 2. Nf3 e6 3. g3 Nc6 4. d3 g6 5. Bg2 Bg7 6. O-O Nge7 7. Re1 O-O 8. e5 d5 9. exd6 Qxd6 10. Nbd2 b6 11. Nc4 Qd8 12. h4 h5 13. Bg5 Bb7 14. c3 Qc8 15. a4 Nf5 16. Qc2 Qc7 17. Bf4 Qd7 18. a5 b5 19. a6 bxc4 20. axb7 Qxb7 21.
dxc4 Qb6 22. Ng5 Rfd8 23. Ra2 Rd7 24. Qa4 Nfe7 25. Qb5 Rad8 26. Ne4 Rd1 27. Ra1 Rxe1+ 28. Rxe1 e5 29. Bg5 Rb8 30. Nxc5 Qxb5 31. cxb5 Rxb5 32. b4 Kh7 33. Rd1 f6 34. Be3 a5 35. Bf1 Rb8 36. b5 Nd8 37. Na6 Rc8 38. b6 Nf5 39. Rd7 Kh8 40. Bd3 Nxe3 41. fxe3 f5 42. c4 e4 43. Be2 Be5 44. c5 Bxg3 45. Bb5 Bxh4 46. Rc7 Ra8 47.
c6 Bg3 48. Ra7 Rb8 49. c7 1-0

[Event "*** Titled Tuesday Blitz"]
[Site "Chess.com"]
[Date "2020.03.03"]
[Round "1"]
[White "FelixBlohberger"]
[Black "icychess54"]
[Result "0-1"]
[WhiteElo "2578"]
[BlackElo "2202"]
[TimeControl "180+1"]
[EndTime "13:07:05 PST"]
[Termination "icychess54 won on time"]

1. d4 c6 2. e4 d5 3. exd5 cxd5 4. Bd3 Nf6 5. c3 Nc6 6. Bf4 Bg4 7. Qb3 Qc8 8. Nd2 e6 9. Ngf3 Be7 10. O-O O-O 11.
Ne5 Nxe5 12. dxe5 Nd7 13. Qc2 h6 14. h3 Bh5 15. Bh2 Nc5 16. Bh7+ Kh8 17. g4 g6 18. gxh5 Kxh7 19. Kh1 Kg7 20. Rg1 g5 21. h4 Kh8 22.
hxg5 Bxg5 23. Nf3 Be7 24. Rg6 fxg6 25. Qxg6 Bg5 26. Nxg5 hxg5 27. Rg1 Rf5 28. Qh6+ Kg8 29. Rxg5+ Rxg5 30. Qxg5+ Kf7 31. Qf6+ Ke8 32. b4 Ne4 33.
Qg6+ Kd7 0-1

[Event "*** Titled Tuesday Blitz"]
[Site "Chess.com"]
[Date "2020.03.03"]
[Round "1"]
[White "yoolund"]
[Black "DonPreuss"]
[Result "0-1"]
[WhiteElo "2575"]
[BlackElo "2186"]
[TimeControl "180+1"]
[EndTime "13:07:05 PST"]
[Termination "DonPreuss won on time"]

1. d4 Nc6 2. Nf3 d6 3. e4 g6 4. d5 Ne5 5. Nxe5 dxe5 6. Be3 Bg7 7. Qd2 e6 8. Bb5+ Bd7 9. Bxd7+ Qxd7 10. dxe6 Qxe6 11. Qb4 Nf6 12. f3 a5 13. Qb3 O-O 14.
Qxe6 fxe6 15. Nc3 Nh5 16. O-O-O Nf4 17. Rd2 Rf7 18. Rhd1 h5 19. Bxf4 exf4 20. Rd8+ Rxd8 21. Rxd8+ Rf8 22. Rxf8+ Kxf8 23. Ne2 Be5 24. c3 Ke7 25. Kc2 g5 26. h3 Kf6 27. Kd3 g4 28. hxg4 hxg4 29. fxg4 Kg5 30. Nd4 Kxg4 31. Nxe6 Kg3 32. Kc4 Kxg2 33. Nxf4+ Bxf4 34. Kd5 Kf3 35. e5 Ke3 36. e6 Bg5 37. Kc5 Ke4 38. Kb5 Ke5 39. Kxa5 Kxe6 40. Kb5 Kd5 41. c4+ Kd4 42. c5 Bc1 43. b4 Ba3 44. Ka4 Bc1 45. Kb5 Kd5 0-1

[Event "*** Titled Tuesday Blitz"]
[Site "Chess.com"]
[Date "2020.03.03"]
[Round "1"]
[White "boasovietica"]
[Black "iturrizaga"]
[Result "0-1"]
[WhiteElo "2503"]
[BlackElo "2946"]
[TimeControl "180+1"]
[EndTime "13:07:06 PST"]
[Termination "iturrizaga won by resignation"]

1. Nf3 c5 2. e3 g6 3. c4 Bg7 4. Nc3 Nf6 5. g3 O-O 6. Bg2 d5 7. cxd5 Nxd5 8. O-O Nxc3 9. bxc3 Qc7 10. d4 Nc6 11.
Ba3 b6 12. Rc1 Rd8 13. Qe2 Bb7 14. Rfd1 Na5 15. e4 e6 16. h4 h6 17. h5 g5 18. e5 Rac8 19. Nh2 Bxg2 20. Kxg2 Qc6+ 21. Kg1 Qa4 22. Bb2 Qxa2 23. Ra1 Qc4 24. Qf3 cxd4 25. cxd4 Qb3 26. Qxb3 Nxb3 27. Rxa7 Bxe5 28. Ng4 Bg7 29. Rb7 Rc2 30. Ba3 Nxd4 31. Kg2 Rd5 32. Rxb6 Rf5 33. Bc5 Rfxc5 34. Rd6 Rd5 35. Rb6 Nf5 36. Rdb1 Rd4 37. Rb8+ Kh7 38. Kh3 Rxg4 39. Kxg4 Rxf2 40. R8b7 Ne3+ 41. Kh3 g4+ 0-1

[Event "*** Titled Tuesday Blitz"]
[Site "Chess.com"]
[Date "2020.03.03"]
[Round "1"]
[White "pedroholly22"]
[Black "mbojan"]
[Result "0-1"]
[WhiteElo "2327"]
[BlackElo "2685"]
[TimeControl "180+1"]
[EndTime "13:07:06 PST"]
[Termination "mbojan won by resignation"]

1. e4 c5 2. Nf3 Nc6 3. d4 cxd4 4.
Nxd4 Nf6 5. Nc3 e5 6. Ndb5 d6 7. Nd5 Nxd5 8. exd5 Nb8 9. c4 Nd7 10. Bd3 Be7 11. O-O O-O 12. Rb1 a6 13. Nc3 Bg5 14. b4 Bxc1 15. Rxc1 Qe7 16. Kh1 f5 17. f3 b6 18. a4 a5 19. bxa5 bxa5 20. Rb1 Nc5 21. Bc2 Bd7 22. Rb6 Rfb8 23. Rxb8+ Rxb8 24. Nb5 Bxb5 25. axb5 g6 26. Qd2 Qc7 27. Ra1 Ra8 28. Qg5 Kf7 29. Ra3 Qe7 30. Qd2 a4 31. Qb4 Qa7 32.
b6 Qa5 33. Qxa5 Rxa5 34. Bxa4 Ke7 35. Ra2 Kd8 36. b7 Nxb7 37. h4 Nc5 38. Bb3 Nxb3 39. Rb2 Nc5 40. Rb8+ Ke7 41. Rh8 Ra4 42. Rxh7+ Kf6 43.
h5 Rxc4 44. Rh6 Rh4+ 0-1

[Event "*** Titled Tuesday Blitz"]
[Site "Chess.com"]
[Date "2020.03.03"]
[Round "1"]
[White "Abdimalik_Abdisalimov"]
[Black "elohunter1999"]
[Result "1-0"]
[WhiteElo "2834"]
[BlackElo "2437"]
[TimeControl "180+1"]
[EndTime "13:07:08 PST"]
[Termination "Abdimalik_Abdisalimov won by resignation"]

1. Nf3 d5 2. d4 Nf6 3. c4 e6 4. g3 dxc4 5. Bg2 Bb4+ 6. Bd2 a5 7.
O-O O-O 8. Qc2 Bxd2 9. Nbxd2 b5 10. a4 c6 11. e3 Bb7 12. Ne5 Nd5 13. b3 cxb3 14.
Nxb3 Nd7 15. Nxd7 Qxd7 16. axb5 cxb5 17. Nxa5 Nb4 18. Qb3 Bxg2 19. Kxg2 Qd5+ 20. Qxd5 Nxd5 21. Nc6 f5 22. Rab1 Rfc8 23. Nb4 Nxb4 24. Rxb4 Rc2 25.
Rxb5 Kf7 26. g4 fxg4 27. Rg5 Ra3 28. Kg3 Rd2 29. Rxg4 Kf6 30. h4 g6 31. Rc1 Ra7 32. Rc6 Re7 33. Rf4+ Kg7 34. Kf3 Ra2 35. Ke4 Ra5 36.
Rg4 h5 37. Rg1 Rf5 38. f4 Ra5 39. Rg5 Raa7 40. Ke5 Ra5+ 41. Kd6 Rxg5 42. fxg5 Re8 43. Rc7+ Kf8 44. e4 Kg8 45. Re7 Rd8+ 46. Ke5 Kf8 47. Rxe6 Kf7 48. d5 Kg7 49. d6 Ra8 50. Re7+ Kf8 51.
Kf6 Ra6 52. e5 Ra5 53. d7 Ra8 54. e6 Rd8 55. Rf7+ Kg8 56. e7 1-0

[Event "*** Titled Tuesday Blitz"]
[Site "Chess.com"]
[Date "2020.03.03"]
[Round "1"]
[White "Saitama_Hero"]
[Black "MikaelyanArman"]
[Result "1-0"]
[WhiteElo "2282"]
[BlackElo "2619"]
[TimeControl "180+1"]
[EndTime "13:07:09 PST"]
[Termination "Saitama_Hero won by resignation"]

1. d4 Nf6 2. c4 g6 3. Nc3 Bg7 4.
e4 O-O 5. f4 c5 6. d5 e6 7.
dxe6 dxe6 8. Qxd8 Rxd8 9. e5 Ne8 10. Nf3 Nc6 11. Be3 b6 12. Kf2 Bb7 13. Be2 Nd4 14.
Rad1 Nxe2 15. Kxe2 f6 16. b3 fxe5 17. fxe5 Bxf3+ 18. Kxf3 Bxe5 19. Ne4 Nf6 20. Ng5 Re8 21. h3 Bc7 22. g4 h6 23. Ne4 Nxe4 24. Kxe4 Rad8 25.
Bxh6 e5 26. Rd5 Rxd5 27. cxd5 Kh7 28. g5 Bd6 29. Rf1 c4 30. Rf7+ Kg8 31. Rg7+ Kh8 32. bxc4 Rc8 33. Rxg6 Rxc4+ 34. Kf5 Rf4+ 35. Ke6 Bc7 36.
d6 Bd8 37. Kd7 Bxg5 38. Bxg5 Rd4 39. Bf6+ Kh7 40. Rg7+ Kh6 41. Bxe5 Rd5 42. Re7 Kg5 43. Ke6 Rd2 44. d7 1-0

[Event "*** Titled Tuesday Blitz"]
[Site "Chess.com"]
[Date "2020.03.03"]
[Round "1"]
[White "AyMitecK"]
[Black "ckgchess"]
[Result "0-1"]
[WhiteElo "2337"]
[BlackElo "2698"]
[TimeControl "180+1"]
[EndTime "13:07:10 PST"]
[Termination "ckgchess won by resignation"]

1. e4 e6 2. d4 d5 3. Bd3 c5 4. exd5 exd5 5. Nf3 Nf6 6. O-O Nc6 7. Re1+ Be7 8.
dxc5 O-O 9. Nbd2 Bg4 10. h3 Bh5 11. c3 Bxc5 12. Qa4 Qb6 13. Rf1 Rae8 14. Qh4 Bg6 15. Bxg6 hxg6 16. Nb3 Re4 17. Qg3 Be7 18. Be3 Qd8 19.
Ng5 Nh5 20. Nxe4 Nxg3 21. Nxg3 Bg5 22. Bc5 Re8 23. Rad1 b6 24. Bd4 Nxd4 25. Rxd4 Bf6 26. Rd3 Qd7 27. Rfd1 Rd8 28. Ne2 Qb5 29. Nf4 d4 30.
cxd4 a5 31. d5 a4 32. Nd4 Qxb2 33. Nc6 Rd6 34. R3d2 Qc3 35. g3 Bg5 36. Rd3 Qc4 37.
Ne2 Qxa2 38. Nc3 Qc4 39. f3 Bf6 40. Ne4 Rxc6 41. dxc6 Qxc6 42. Kg2 g5 43. Rd6 Qb5 44. R1d2 a3 45. Nxf6+ gxf6 46. Rxf6 Qa5 47. Rfd6 a2 48. Rd8+ Kg7 49. Rd1 b5 50. Ra1 Qxd8 0-1

[Event "*** Titled Tuesday Blitz"]
[Site "Chess.com"]
[Date "2020.03.03"]
[Round "1"]
[White "Eliwood44"]
[Black "Didici"]
[Result "0-1"]
[WhiteElo "2318"]
[BlackElo "2681"]
[TimeControl "180+1"]
[EndTime "13:07:11 PST"]
[Termination "Didici won on time"]

1. d4 Nf6 2. Nf3 b6 3. e3 Bb7 4. Bd3 c5 5. O-O g6 6. c4 cxd4 7. exd4 d5 8. Nc3 Bg7 9. cxd5 O-O 10. Re1 Nxd5 11. Bg5 Nf6 12. Qe2 Nc6 13. Rad1 Re8 14. d5 Nxd5 15. Nxd5 Qxd5 16. Bxg6 Nd4 17. Bxf7+ Kxf7 18. Rxd4 Bxd4 19. Qc2 Kg8 20. Bxe7 Bg7 21. h4 Rac8 22.
Qa4 Bc6 23. Qxa7 b5 24. Qe3 Qf5 25. Ng5 Rc7 26. Qb3+ Bd5 27. Qb4 h6 28. Bd6 Rxe1+ 29.
Qxe1 Rc8 30. Nh3 Bxa2 31. Bg3 Bf7 32. Nf4 Bxb2 33. Qb4 Bf6 34. h5 Rc4 35. Qd2 Bg5 0-1

[Event "*** Titled Tuesday Blitz"]
[Site "Chess.com"]
[Date "2020.03.03"]
[Round "1"]
[White "MiroVlasenko"]
[Black "shanemelaughcm"]
[Result "1-0"]
[WhiteElo "2635"]
[BlackElo "2266"]
[TimeControl "180+1"]
[EndTime "13:07:11 PST"]
[Termination "MiroVlasenko won by resignation"]

1. e4 d6 2. d4 Nf6 3. Nc3 Nbd7 4.
f4 e5 5. Nf3 exd4 6. Nxd4 c6 7.
Bc4 d5 8. exd5 cxd5 9. Bxd5 Nxd5 10. Nxd5 Qa5+ 11. Nc3 Bc5 12. Nb3 Qc7 13. Nd5 Qd6 14. Nxc5 Nxc5 15. b4 Qe6+ 16. Kf1 Na6 17. b5 O-O 18.
bxa6 Rd8 19. c4 b5 20. Qe2 Qxe2+ 21. Kxe2 Bxa6 22. Nc7 bxc4 23. Nxa8 c3+ 24. Kf2 Rxa8 25. Be3 Bd3 26. Rhd1 Be4 27. Rd7 f5 28. Rxa7 Rb8 29. Bd4 Rb2+ 30. Ke3 Rc2 31. Rxg7+ Kf8 32. a4 Rd2 33.
Be5 Rd3+ 34. Ke2 c2 35. Rc1 Rd5 36. Rc7 Ra5 37. Ra1 Rxa4 38. Rxa4 Ke8 39. Rxe4 Kd8 40. Rxc2 fxe4 41. Rc7 Ke8 42. Ke3 1-0

[Event "*** Titled Tuesday Blitz"]
[Site "Chess.com"]
[Date "2020.03.03"]
[Round "1"]
[White "DoHoChess"]
[Black "HanSchut"]
[Result "1-0"]
[WhiteElo "2653"]
[BlackElo "2308"]
[TimeControl "180+1"]
[EndTime "13:07:14 PST"]
[Termination "DoHoChess won on time"]

1. d4 Nf6 2. Nf3 g6 3. g3 Bg7 4.
Bg2 O-O 5. O-O d5 6. c4 dxc4 7. Na3 c6 8. Nxc4 Nbd7 9. b3 Nb6 10. Bb2 Nxc4 11. bxc4 Ne4 12. Qc2 Nd6 13. e4 Rb8 14. Rfd1 Qa5 15. h3 Qa6 16. Bf1 b5 17.
cxb5 cxb5 18. Nd2 Qb7 19. d5 Bxb2 20. Qxb2 Bd7 21. e5 Nc4 22. Nxc4 bxc4 23. Qxb7 Rxb7 24. Bxc4 Bxh3 25. Rac1 Bg4 26. Rd4 h5 27. Bb3 Rd8 28. Kg2 Kf8 29. f3 Bd7 30. Rc5 a6 31. Rc3 Rc8 32.
Rxc8+ Bxc8 33. Rc4 Bd7 34. Kf2 Bb5 35. Rc8+ Kg7 36.
Ke3 Bd7 37. Ra8 Bb5 38. Rc8 Bd7 39. Rc1 Bb5 40. Kd4 Kf8 41. Rc8+ Kg7 42. d6 exd6 43. exd6 Bd7 44. Rc7 Rxc7 45. dxc7 g5 46. Bd5 h4 47. gxh4 gxh4 48. Ke3 Kf6 49. Bb7 Ke5 50. c8=Q Bxc8 51. Bxc8 f5 52. f4+ Kd5 53. Bxf5 1-0

[Event "*** Titled Tuesday Blitz"]
[Site "Chess.com"]
[Date "2020.03.03"]
[Round "1"]
[White "MFguimaraes"]
[Black "Koksik_13"]
[Result "0-1"]
[WhiteElo "2402"]
[BlackElo "2755"]
[TimeControl "180+1"]
[EndTime "13:07:15 PST"]
[Termination "Koksik_13 won by resignation"]

1. e4 e6 2. d4 d5 3. Bd3 Nc6 4. c3 e5 5. Nf3 Bg4 6. exd5 Qxd5 7. c4 Qa5+ 8. Bd2 Bb4 9. d5 Nd4 10. Nc3 O-O-O 11. a3 Bxc3 12. Bxc3 Qb6 13. Bxd4 exd4 14. O-O Nf6 15. h3 Bh5 16. b4 Qd6 17. Re1 Rhe8 18.
Bf5+ Kb8 19. Qxd4 Bxf3 20. gxf3 Nh5 21. c5 Qf4 22. Rxe8 Rxe8 23. Qxf4 Nxf4 24. d6 cxd6 25. cxd6 g6 26. Be4 f5 27. Bc2 Nxh3+ 28. Kf1 Ng5 29. Ba4 Rd8 30. d7 a6 31. b5 Rxd7 32. bxa6 Rd4 33.
Bb5 Nxf3 34. axb7 Kxb7 35. a4 Kb6 36. Rc1 Rd6 37. Be2 Nd4 38. Bd1 Ka5 39. Rc5+ Kb4 40.
Rc7 Ne6 41. Rb7+ Ka3 42. Ke1 Nc5 43. Rxh7 Nd3+ 44. Ke2 Nf4+ 45. Ke1 Nd3+ 46. Ke2 Nb2 47. Rh2 Rxd1 48. Rh3+ Kxa4 0-1

[Event "*** Titled Tuesday Blitz"]
[Site "Chess.com"]
[Date "2020.03.03"]
[Round "1"]
[White "chessdjw"]
[Black "NoGalloNoParty"]
[Result "1-0"]
[WhiteElo "2636"]
[BlackElo "2271"]
[TimeControl "180+1"]
[EndTime "13:07:15 PST"]
[Termination "chessdjw won by resignation"]

1. d4 Nf6 2. c4 g6 3. Nc3 d5 4.
cxd5 Nxd5 5. Bd2 Nxc3 6. Bxc3 Bg7 7. Qd2 O-O 8. h4 c5 9. d5 e6 10. d6 e5 11. h5 Nc6 12. e3 Be6 13. Nf3 Qd7 14. Bb5 Rfd8 15. Nxe5 Qxd6 16. Qxd6 Rxd6 17. Bxc6 bxc6 18. h6 Bf6 19. O-O Bg5 20. b4 cxb4 21. Bxb4 Rd5 22. Nxc6 Rb5 23. Ne7+ Kh8 24. Bc3+ f6 25.
Rfd1 Rb7 26. f4 Rxe7 27. fxg5 Kg8 28. gxf6 Rd7 29. Rxd7 Bxd7 30. Rb1 Rc8 31. Bd4 Rc7 32. Rb8+ Kf7 33. Rh8 Ke6 34. Rxh7 Rc1+ 35. Kh2 Bc6 36. Re7+ Kf5 37. f7 1-0

[Event "*** Titled Tuesday Blitz"]
[Site "Chess.com"]
[Date "2020.03.03"]
[Round "1"]
[White "FedaMaster"]
[Black "Azeryahu"]
[Result "0-1"]
[WhiteElo "2433"]
[BlackElo "2820"]
[TimeControl "180+1"]
[EndTime "13:07:16 PST"]
[Termination "Azeryahu won by resignation"]

1. e4 e5 2. Nf3 Nc6 3. Bb5 Nf6 4.
O-O Nxe4 5. Re1 Nd6 6. Nxe5 Be7 7. Bf1 Nf5 8. Nxc6 dxc6 9. Nc3 O-O 10. d3 c5 11. g3 Nd4 12. Bg2 c6 13. Be3 Re8 14.
h3 Be6 15. Ne2 Bf6 16. Nxd4 Bxd4 17. Bxd4 Qxd4 18. b3 Qc3 19. Re2 a5 20. Qe1 Qxe1+ 21.
Raxe1 a4 22. f4 Red8 23. Re5 Ra5 24. f5 Bd7 25. b4 Rb5 26. bxc5 Rb2 27. R5e4 Rxa2 28.
Rd4 Kf8 29. f6 gxf6 30. Bf3 Re8 31. Rb1 Bc8 32. Rc4 Bxh3 33. Kf2 Bc8 34. Rh1 Be6 35.
Rc3 Bb3 36. Rc1 Re5 37. Bd1 Bd5 38. Rb1 Re7 39. Be2 Kg7 40. Bd1 f5 41. Be2 Kf6 42.
Bd1 Ke5 43. Be2 Kd4 44. Rc4+ Bxc4 45. dxc4 Rxc2 46. Rd1+ Kxc5 47. Kf3 0-1

[Event "*** Titled Tuesday Blitz"]
[Site "Chess.com"]
[Date "2020.03.03"]
[Round "1"]
[White "Gentlejimmy7"]
[Black "ChristianAlm"]
[Result "1-0"]
[WhiteElo "2688"]
[BlackElo "2327"]
[TimeControl "180+1"]
[EndTime "13:07:17 PST"]
[Termination "Gentlejimmy7 won by resignation"]

1. d4 d5 2. Nf3 Nf6 3. c4 c6 4. Nbd2 e6 5. g3 Nbd7 6. Bg2 Bd6 7. O-O a6 8. b3 O-O 9. Bb2 Re8 10. Ne5 c5 11. Nxd7 Bxd7 12. cxd5 exd5 13. dxc5 Bxc5 14. Rc1 Rc8 15. Nf3 Bg4 16. Bxf6 Qxf6 17. Qxd5 Qb6 18.
e3 Be6 19. Qd2 Rcd8 20. Qc2 Ba3 21. Ng5 g6 22. Qc7 Qxc7 23. Rxc7 Rd2 24. Ne4 Rxa2 25. Nf6+ Kf8 26. Nxe8 Kxe8 27. Bxb7 a5 28. Rd1 Bb4 29. Bd5 Bg4 30. Bxf7+ Kf8 31. Rd8+ Kg7 32. Be6+ Kh6 33. Bxg4 a4 34. bxa4 Ba5 35. Rdd7 Bxc7 36. Rxc7 Rxa4 37.
Be6 Kg5 38. Rxh7 Kf6 39. Bf7 Ra7 40. Bxg6 Ra1+ 41. Kg2 Kxg6 42. Rb7 Ra6 43. Rb5 Kf6 44. h4 Kg6 45. g4 Kf6 46. h5 Rc6 47. Kg3 Rc7 48. e4 Kg7 49. g5 Kh7 50. f4 Kg7 51. Kg4 Ra7 52. h6+ Kh7 53. e5 Ra8 54. Rb7+ Kh8 55.
g6 Rc8 56. f5 Ra8 57. Kg5 Rc8 58. Rd7 Ra8 59. e6 Rc8 60. e7 Rg8 61. Rd8 1-0

[Event "*** Titled Tuesday Blitz"]
[Site "Chess.com"]
[Date "2020.03.03"]
[Round "1"]
[White "Jospem"]
[Black "Gahan-MG"]
[Result "1-0"]
[WhiteElo "2925"]
[BlackElo "2493"]
[TimeControl "180+1"]
[EndTime "13:07:18 PST"]
[Termination "Jospem won by resignation"]

1. c4 Nf6 2. g3 g6 3. Bg2 d5 4. cxd5 Nxd5 5. Nc3 Nb6 6. d3 Bg7 7. Be3 Nc6 8. h4 h5 9. Nf3 O-O 10. Qd2 Re8 11. O-O Bg4 12. Rac1 e5 13. Ne4 Nd5 14. Bc5 b6 15. Ba3 Bxf3 16. Bxf3 Nd4 17. Bg2 c5 18. Nc3 Nxc3 19. bxc3 Nb5 20. Bxa8 Qxa8 21. Bb2 Rd8 22. c4 Nd4 23. Bxd4 Rxd4 24. e3 Rd7 25. Qe2 Qd8 26. Rcd1 Bf6 27. a4 Kg7 28. Kg2 Rd6 29. Rh1 Qd7 30.
Qc2 Qc6+ 31. e4 Qd7 32. Qc3 Rd4 33. a5 bxa5 34. Rd2 a4 35. f3 Bd8 36. Ra1 Bb6 37.
Qc2 Ba5 38. Rdd1 Bb4 39. Qxa4 Qxa4 40. Rxa4 a5 41. Kf2 f5 42. Ke2 Kf6 43. Ke3 Rd6 44. Rc1 f4+ 45. Ke2 g5 46. gxf4 exf4 47. hxg5+ Kxg5 48. Rg1+ Kh4 49. Ra2 Bc3 50. Kf1 Kh3 51. Rag2 1-0

[Event "*** Titled Tuesday Blitz"]
[Site "Chess.com"]
[Date "2020.03.03"]
[Round "1"]
[White "MiroMiljkovic"]
[Black "MikeSailer"]
[Result "1-0"]
[WhiteElo "2573"]
[BlackElo "2110"]
[TimeControl "180+1"]
[EndTime "13:07:18 PST"]
[Termination "MiroMiljkovic won on time"]

1. d4 d5 2. c4 Bf5 3. cxd5 Bxb1 4. Qa4+ c6 5. dxc6 Nxc6 6. Rxb1 e5 7. Bd2 Qxd4 8. Qxd4 exd4 9. g3 O-O-O 10. Bg2 Bb4 11. Rc1 Bxd2+ 12. Kxd2 Ne7 13. Nf3 Rhe8 14. Ng5 f6 15.
Ne6 Rd6 16. Nxg7 Rg8 17. Nh5 Kb8 18. Nf4 Ne5 19. h3 Ra6 20. a3 Rb6 21. b4 Ra6 22. Be4 Rxa3 23. Bxh7 Rd8 24. Ne6 Rd6 25. Nc5 b6 26.
Nd3 Nd5 27. Ra1 Rxa1 28. Rxa1 Nc4+ 29. Ke1 Nc3 30. h4 Re6 31. Nf4 Re5 32. Bd3 Nb2 33. Kd2 Nxd3 34. Kxd3 Nb5 35. h5 Kc7 36. h6 Kd6 37. h7 Re8 38. Ng6 1-0

[Event "*** Titled Tuesday Blitz"]
[Site "Chess.com"]
[Date "2020.03.03"]
[Round "1"]
[White "ZWISCHENZUGGED"]
[Black "DonBroca"]
[Result "1-0"]
[WhiteElo "2561"]
[BlackElo "2048"]
[TimeControl "180+1"]
[EndTime "13:07:18 PST"]
[Termination "ZWISCHENZUGGED won on time"]

1. d4 Nf6 2. c4 g6 3. g3 Bg7 4.
Bg2 O-O 5. Nc3 d6 6. Nf3 Nc6 7. O-O a6 8. Bf4 Bf5 9. Rc1 Ne4 10. Nxe4 Bxe4 11. d5 Nb8 12. Qd2 a5 13. Bh6 Nd7 14. Bxg7 Kxg7 15. Bh3 Nf6 16. Ng5 h6 17. Nxe4 Nxe4 18.
Qd4+ Nf6 19. e4 Kh7 20. f4 Nd7 21. e5 f6 22. Bxd7 Qxd7 23. e6 Qa4 24. f5 g5 25. a3 Qb3 26. Rfd1 Ra6 27. Rd3 Qb6 28. c5 dxc5 29. Rxc5 Rd8 30. Kg2 c6 31. Qc3 cxd5 32.
Rdxd5 Rxd5 33. Rxd5 Qc6 34. Qxc6 Rxc6 35. Rd7 Rc2+ 36.
Kg1 Rxb2 37. Rxe7+ Kg8 38. Rf7 b5 39. Rxf6 1-0

[Event "*** Titled Tuesday Blitz"]
[Site "Chess.com"]
[Date "2020.03.03"]
[Round "1"]
[White "renehp"]
[Black "dlp300"]
[Result "1-0"]
[WhiteElo "2333"]
[BlackElo "2657"]
[TimeControl "180+1"]
[EndTime "13:07:19 PST"]
[Termination "renehp won by resignation"]

1. e4 e5 2. Nf3 Nc6 3. Bb5 a6 4. Ba4 Nf6 5. O-O Be7 6. Re1 b5 7. Bb3 d6 8. a4 b4 9. c3 O-O 10. h3 Rb8 11. a5 Bb7 12. d4 h6 13. Nbd2 Re8 14. Nf1 Bf8 15. Ng3 g6 16. d5 Ne7 17.
cxb4 Bg7 18. Bd2 c6 19. dxc6 Nxc6 20. Bc3 Bc8 21. Ba4 Qc7 22. Qd3 Rd8 23. b5 axb5 24. Bxb5 d5 25. Bxc6 dxe4 26. Qxd8+ Qxd8 27. Nxe5 Ba6 28. Nxe4 Nxe4 29. Bxe4 Qc7 30. Bd5 Rf8 31. Nxg6 Rd8 32.
Re7 Qc5 33. Bxf7+ Kh7 34. Bc4 Kxg6 35. Rxg7+ Kf5 36. Bxa6 Ra8 37. Bd3+ Ke6 38. Re1+ Kd6 39. Rg6+ Kd7 40. a6 Re8 41. Rg7+ Kd8 42. Bf6+ 1-0

[Event "*** Titled Tuesday Blitz"]
[Site "Chess.com"]
[Date "2020.03.03"]
[Round "1"]
[White "PrinceMurad09"]
[Black "jefferyx"]
[Result "1-0"]
[WhiteElo "2520"]
[BlackElo "2937"]
[TimeControl "180+1"]
[EndTime "13:07:20 PST"]
[Termination "PrinceMurad09 won on time"]

1. e4 c5 2. Nf3 d6 3. d4 Nf6 4. Nc3 cxd4 5. Nxd4 a6 6. h3 e5 7. Nde2 h5 8. g3 Be6 9. a4 d5 10. exd5 Nxd5 11. Bg2 Nxc3 12. Qxd8+ Kxd8 13. Nxc3 Nc6 14. Be3 Kc7 15. O-O-O Re8 16. Rhe1 Bb4 17. Bd2 Bxc3 18. Bxc3 f6 19. b3 Bf5 20. Rd2 Rd8 21. Red1 Rxd2 22.
Rxd2 b5 23. axb5 axb5 24. Bxc6 Kxc6 25. h4 Kc5 26. Bb2 Rc8 27. f4 exf4 28. gxf4 Re8 29.
Bd4+ Kc6 30. Rg2 Re4 31. Bc3 Rxf4 32. Rxg7 Rxh4 33. Rf7 Kd5 34. Rxf6 Be6 35. Rg6 Rh1+ 36. Kb2 Bf5 37. Rf6 Ke4 38. Rb6 h4 39. Rxb5 h3 40. Rb4+ Kd5 41. Rh4 Rh2 42. Be1 Rxc2+ 43. Ka3 Rg2 44. Ba5 Kc6 45. Bc3 Rg3 46. Be5 Re3 47. Bf4 Re4 48. Rh6+ Kb5 49. Bh2 Re2 50. Bf4 Rf2 51.
Be3 1-0

[Event "*** Titled Tuesday Blitz"]
[Site "Chess.com"]
[Date "2020.03.03"]
[Round "1"]
[White "davserr65"]
[Black "kingofthenil"]
[Result "0-1"]
[WhiteElo "2064"]
[BlackElo "2562"]
[TimeControl "180+1"]
[EndTime "13:07:20 PST"]
[Termination "kingofthenil won on time"]

1. Nf3 f5 2. e4 fxe4 3. Ng5 Nf6 4. d3 e5 5. dxe4 Bc5 6. Bc4 Qe7 7. Nc3 c6 8. O-O h6 9. Nf3 d6 10. Be3 Bxe3 11. fxe3 Be6 12. Bxe6 Qxe6 13. Qd2 Na6 14. Rad1 Rd8 15. Nh4 O-O 16. Nf5 Nc5 17. Ng3 a5 18. a4 b6 19. h3 Kh7 20. Rf2 d5 21. exd5 cxd5 22. Rdf1 d4 23. exd4 Rxd4 24. Qe2 Nxa4 25.
Nxa4 Rxa4 26. b3 Rd4 27. c3 Rdd8 28. b4 axb4 29. cxb4 Rd4 30. Qc2+ Kh8 31. Nf5 Rc4 32. Qb2 e4 33. Nxh6 e3 34. Rxf6 Rxf6 35. Rxf6 Qxf6 0-1

[Event "*** Titled Tuesday Blitz"]
[Site "Chess.com"]
[Date "2020.03.03"]
[Round "1"]
[White "Benjoneliere44"]
[Black "Rubinstein_Akiba"]
[Result "0-1"]
[WhiteElo "2628"]
[BlackElo "2359"]
[TimeControl "180+1"]
[EndTime "13:07:21 PST"]
[Termination "Rubinstein_Akiba won by resignation"]

1. d4 Nf6 2. Bf4 e6 3. e3 c5 4. c3 cxd4 5. exd4 Nc6 6. Bd3 d5 7. Nd2 Bd6 8. Bg3 O-O 9. Ngf3 Qc7 10. Qe2 a6 11. O-O h6 12. Ne5 b5 13. a3 Bb7 14. f4 Ne7 15. f5 exf5 16. Bxf5 Nxf5 17. Rxf5 Ne4 18. Nxe4 dxe4 19. Qg4 Bc8 20. Raf1 Bxf5 21. Rxf5 Rae8 22. Bf4 Kh7 23. h4 e3 24. Bxe3 Bxe5 25. dxe5 Rxe5 26. Bd4 Rfe8 27. Bxe5 Rxe5 28. Qf4 Qc5+ 29.
Kh2 Rxf5 30. Qg4 Qe5+ 31. g3 Rf2+ 32. Kh3 Qf6 33. Qd1 Rf5 34. Qd3 Qg6 35. Qe4 Rf6 36. Qe5 Qc2 37. h5 Qb1 38. b3 Qh1+ 39. Kg4 Qf3+ 40.
Kh3 Rf5 0-1

[Event "*** Titled Tuesday Blitz"]
[Site "Chess.com"]
[Date "2020.03.03"]
[Round "1"]
[White "isla88"]
[Black "Witik"]
[Result "1-0"]
[WhiteElo "2326"]
[BlackElo "2638"]
[TimeControl "180+1"]
[EndTime "13:07:22 PST"]
[Termination "isla88 won on time"]

1. c4 f5 2. d4 Nf6 3. Nf3 g6 4. e3 Bg7 5. b4 O-O 6. Bb2 e6 7. Qb3 Qe7 8. Nc3 Nc6 9. Ba3 d6 10.
Rd1 Kh8 11. Be2 b6 12. Bb2 Bb7 13. O-O Nd8 14. Nd2 Nf7 15. Bf3 c6 16. e4 e5 17.
dxe5 Nxe5 18. exf5 gxf5 19. Rfe1 Qf7 20. b5 Nxf3+ 21.
Nxf3 c5 22. Rxd6 Ne4 23. Nxe4 fxe4 24. Bxg7+ Qxg7 25. Nh4 Rf4 26. Qh3 Rg4 27. Nf5 Qg5 28. Rd7 Qxf5 29. Rxb7 Rag8 30. g3 e3 31. Rxe3 Qb1+ 32.
Kg2 Rxc4 33. Ree7 1-0